 Dungeon Crawl Stone Soup version 0.27.0-1-g7a089689b8 (webtiles) character file.

Game seed: 6866443843197546040

2203 Crownlay the Fighter (level 9, -1/93 (95) HPs)
             Began as a Minotaur Berserker on Aug 8, 2021.
             Was a Priest of Trog.
             Shot with a bolt by an orc warrior (6 damage)
             ... in a bailey.
             The game lasted 00:10:48 (6992 turns).

Crownlay the Fighter (Minotaur Berserker)           Turns: 6992, Time: 00:10:49

HP:   -1/93 (95)    AC:  5    Str: 26    XL:     9   Next: 12%
MP:   8/8           EV: 12    Int:  4    God:    Trog [***...]
Gold: 204           SH:  0    Dex: 15    Spells: 8/8 levels left

rFire    . . .     SeeInvis .   i - +2 whip (elec)
rCold    . . .     Faith    .   (no shield)
rNeg     . . .     Spirit   .   r - +3 robe of Clouds {+Thunder rCloud rElec}
rPois    .         Reflect  .   (helmet restricted)
rElec    +         Harm     .   (no cloak)
rCorr    +         Rampage  .   (no gloves)
Will     .....                  (no boots)
Stlth    +.........             (no amulet)
HPRegen  0.25/turn              f - +6 ring of dexterity
MPRegen  0.11/turn              g - ring of resist corrosion

@: lightly drained
A: horns 2, retaliatory headbutt
a: Renounce Religion, Evoke Thunderclouds, Berserk, Trog's Hand


You were in a bailey.
You worshipped Trog.
Trog was most pleased with you.
You visited 1 branch of the dungeon, and saw 7 of its levels.
You also visited: Bailey.

You collected 204 gold pieces.

Inventory:

Hand Weapons
 a - a +0 falchion
 i - a +2 whip of electrocution (weapon)
Armour
 b - a +0 animal skin
 m - a +0 kite shield
 r - the +3 robe of Clouds (worn) {+Thunder rCloud rElec}
   (You found it on level 4 of the Dungeon)

   It can be evoked to surround the wearer with storm clouds, with success rate
   depending on Evocations skill.
   rElec:     It insulates you from electricity.
Jewellery
 f - a +6 ring of dexterity (left hand)
 g - a ring of resist corrosion (right hand)
Wands
 p - a wand of digging (2)
 w - a wand of polymorph (12)
Scrolls
 d - 5 scrolls of teleportation
 e - 3 scrolls of blinking
 h - 3 scrolls of identify
Potions
 c - a potion of heal wounds {unknown}
 k - a potion of haste {unknown}
 n - a potion of flight {unknown}
 o - a potion of attraction {unknown}
 q - a potion of cancellation {unknown}
 s - a potion of curing {unknown}
 v - a potion of lignification {unknown}


   Skills:
 * Level 14.1 Fighting
 - Level 3.8 Long Blades
 - Level 2.4 Armour
 - Level 2.1 Dodging


You had 8 spell levels left.
You didn't know any spells.
Your spell library was empty.

Dungeon Overview and Level Annotations

Branches:
Dungeon (7/15)             Temple (0/1) D:7          Bailey (1/1)

Altars:
Qazlal

Shops:
D:1 !   D:5 =   D:6 (


Innate Abilities, Weirdness & Mutations

You have a pair of horns on your head.
You reflexively headbutt those who attack you in melee.


Message History

There is an empty arch of ancient stone here.
HP restored.
An orc comes into view. It is wielding a +0 arbalest.
An orc is nearby!
No reachable target in view!
The orc shouts!
The orc shoots a bolt.
The bolt barely misses you.
You hear a shout! x2
The orc shoots a bolt.
The bolt hits you.
An orc comes into view. It is wielding a +0 arbalest.
The orc shoots a bolt.
The bolt closely misses you.
The orc shoots a bolt.
The bolt hits you but does no damage.
The orc shoots a bolt.
The bolt hits you.
The orc shoots a bolt.
The bolt barely misses you.
An orc warrior comes into view. It is wielding a +0 arbalest.
The orc warrior shouts!
The orc shoots a bolt.
The bolt closely misses you.
The orc warrior shoots a bolt.
The bolt barely misses you.
The orc shoots a bolt.
The bolt misses you.
The orc warrior shoots a bolt.
The bolt hits you!
The orc shoots a bolt.
The bolt barely misses you.
The orc warrior shoots a bolt.
The bolt closely misses you.
The orc warrior shoots a bolt.
The bolt misses you.
Found a gate leading back out of this place.
The orc warrior shoots a bolt.
The bolt hits you!!
An orc comes into view. It is wielding a +0 arbalest.
The orc shoots a bolt.
The bolt barely misses you.
The orc shoots a bolt.
The bolt barely misses you.
The orc warrior shoots a bolt.
The bolt hits you!!
The orc shoots a bolt.
The bolt barely misses you.
The orc warrior shoots a bolt.
The bolt hits you.
The orc warrior shoots a bolt.
The bolt barely misses you.
An orc comes into view. It is wielding a +0 arbalest.
The orc shouts!
You hear a shout!
The orc shoots a bolt.
The bolt hits you!
* * * LOW HITPOINT WARNING * * *
The orc warrior shoots a bolt.
The bolt hits you!
* * * LOW HITPOINT WARNING * * *
The orc warrior shoots a bolt.
The bolt hits you.
You die...

.≈#∩o##≈......#
.≈o#o#≈≈......#
..≈≈≈≈≈.......#
..............#
..............#
..............#
#.............#
#.............#
#.......@.....#
#.............#
#.............#
#.............#
..............#
..............#
..≈≈≈≈≈.......#
.≈.#o#≈≈......#


You could see an orc warrior and 2 orcs.

Vanquished Creatures
  Grinder (D:4)
  Sigmund (D:4)
  A water moccasin (D:5)
  A black bear (D:4)
  A centaur (D:5)
  An ogre (D:5)
  A phantom (D:5)
  A kobold brigand (D:7)
  Blork the orc (D:4)
  3 scorpions
  3 water moccasin zombies
  A wyvern skeleton (D:6)
  A water moccasin skeleton (D:5)
  4 wights (D:6)
  6 hounds
  3 orc priests
  A centaur skeleton (D:5)
  A bullfrog skeleton (D:6)
  6 orc wizards
  A howler monkey zombie (D:6)
  A howler monkey skeleton (D:4)
  8 adders
  A shadow imp (D:5)
  An ufetubus (D:5)
  3 worms
  15 orcs
  5 ball pythons
  4 endoplasms
  5 giant cockroaches
  8 hobgoblins
  12 jackals
  6 quokkas
  A bat (D:3)
  4 frilled lizards
  11 goblins
  7 kobolds
  9 rats
140 creatures vanquished.

Vanquished Creatures (others)
  5 fungi (D:6)
5 creatures vanquished.

Grand Total: 145 creatures vanquished

Notes
Turn   | Place    | Note
-------+----------+-------------------------------------------
     0 | D:1      | Crownlay the Minotaur Berserker began the quest for the
                  | Orb.
     0 | D:1      | Reached XP level 1. HP: 19/19 MP: 0/0
   383 | D:1      | Found Tisan's Distillery.
   412 | D:1      | Found a faded altar of an unknown god.
   467 | D:1      | Reached skill level 4 in Fighting
   603 | D:1      | Reached XP level 2. HP: 18/27 MP: 1/1
  1150 | D:2      | Reached skill level 5 in Fighting
  1150 | D:2      | Reached XP level 3. HP: 27/36 MP: 2/2
  1436 | D:2      | Reached ** piety under Trog
  2163 | D:3      | Reached XP level 4. HP: 44/44 MP: 3/3
  2216 | D:3      | Reached skill level 6 in Fighting
  2227 | D:3      | Reached skill level 7 in Fighting
  2227 | D:3      | Reached XP level 5. HP: 18/52 MP: 4/4
  3467 | D:4      | Noticed Grinder
  3482 | D:4      | Reached *** piety under Trog
  3483 | D:4      | Reached skill level 8 in Fighting
  3486 | D:4      | Killed Grinder
  3487 | D:4      | Reached skill level 9 in Fighting
  3487 | D:4      | Reached XP level 6. HP: 63/63 MP: 5/5
  3528 | D:4      | Reached XP level 7. HP: 61/71 MP: 6/6
  3670 | D:4      | Noticed Sigmund
  3680 | D:4      | Killed Sigmund
  3681 | D:4      | Reached skill level 10 in Fighting
  3776 | D:4      | Found the +3 robe of Clouds {+Thunder rCloud rElec}
  3808 | D:4      | Noticed Blork the orc
  3814 | D:4      | Killed Blork the orc
  3907 | D:5      | Entered Level 5 of the Dungeon
  3916 | D:5      | Reached skill level 11 in Fighting
  4250 | D:5      | Reached XP level 8. HP: 56/82 MP: 7/7
  4436 | D:5      | Reached skill level 12 in Fighting
  4584 | D:5      | Found Atett's Jewellery Shop.
  4642 | D:5      | Found a stormy altar of Qazlal.
  5286 | D:5      | Reached skill level 13 in Fighting
  6063 | D:6      | Reached XP level 9. HP: 39/87 MP: 8/8
  6418 | D:6      | Found Buetzina's Antique Weapon Shoppe.
  6682 | D:6      | Reached skill level 14 in Fighting
  6894 | D:7      | Found a flagged portal.
  6903 | Bailey   | Entered a bailey
  6992 | Bailey   | Shot with a bolt by an orc warrior

Illustrated notes

Levels and vault maps discovered:
D:1:      amcnicky_arrival_choice, layout_rooms,
          shapermc_ecumenical_altar_mp_urbaneastern, serial_shops, shop_statue
D:2:      layout_basic
D:3:      minmay_chambers_of_twos, layout_loops_ring
D:4:      layout_rooms, uniq_blork_the_orc, uniq_grinder, uniq_sigmund
D:5:      cheibrodos_helix_gallery, layout_layer_cave, serial_shops,
          nicolae_stop_n_shop_2, grunt_ministairs_13,
          chequers_serial_rivers_room_b, corexii_corridor_pit,
          minmay_ruined_shrine
D:6:      layout_loops_corners, serial_aquarium, aquarium_bridge_square
          [aquarium_subvault_wall, aquarium_subvault_wall,
          aquarium_subvault_wall, aquarium_subvault_bridge],
          aquarium_bridge_square [aquarium_subvault_wall,
          aquarium_subvault_window, aquarium_subvault_bridge,
          aquarium_subvault_window], aquarium_window_corridor_2,
          aquarium_window_1, aquarium_window_2, aquarium_window_fake,
          aquarium_view_2e, aquarium_view_2d, aquarium_balcony_3a,
          aquarium_pool_2, serial_shops, shop, nicolae_underground_beach
D:7:      layout_rooms, minmay_temple_entry_steel_oval, enter_bailey_3,
          serial_shops, nicolae_take_the_stairs
Bailey:   bailey_polearm_2, bailey

Skill      XL: |  1  2  3  4  5  6  7  8  9 |
---------------+----------------------------+-----
Fighting       | 4 5 7 9 11 13 14 | 14.1
Long Blades    | |  3.8
Armour         | |  2.4
Dodging        | |  2.1

Action                   |  1- 3 |  4- 6 |  7- 9 || total
-------------------------+-------+-------+-------++-------
Melee: Falchion          |    55 |       |       ||    55
       Headbutt          |    18 |    15 |    39 ||    72
       Whip              |    18 |    83 |   127 ||   228
Invok: Trog's Hand       |       |     2 |     6 ||     8
       Berserk           |       |     2 |     1 ||     3
  Use: Scroll            |       |     1 |     6 ||     7
Armor: Animal skin       |     9 |    11 |     1 ||    21
       Robe              |       |       |    44 ||    44
Dodge: Dodged            |    40 |    41 |   114 ||   195
       Rpst.: Falchion   |    13 |       |       ||    13
